 Dungeon Crawl Stone Soup version 0.26.1-2-gb8aa6d0cf2 (webtiles) character file.

Game seed: 7398995596153528236

196 Elvor the Cudgeller (level 5, -3/31 HPs)
             Began as a Gargoyle Warper on Mar 4, 2021.
             Slain by Menkaure (16 damage)
             ... on level 4 of the Dungeon.
             The game lasted 00:22:54 (2292 turns).

Elvor the Cudgeller (Gargoyle Warper)               Turns: 2292, Time: 00:22:55

Health: -3/31      AC:  8    Str: 16    XL:     5   Next: 75%
Magic:  1/8        EV: 12    Int: 15    God:
Gold:   264        SH:  0    Dex: 13    Spells: 3/8 levels left

rFire    . . .     SeeInvis .   a - +0 mace
rCold    . . .     Faith    .   (no shield)
rNeg     + + .     Spirit   .   s - +2 robe of Shielding {rN+ Will+ Int+2 Dex+4}
rPois    ∞         Reflect  .   (no helmet)
rElec    +         Harm     .   (no cloak)
rCorr    .         Rampage  .   (no gloves)
Will     +....                  (no boots)
Stlth    +.........             (no amulet)
HPRegen  0.10/turn              i - ring of wizardry
MPRegen  0.11/turn              (no ring)

@: no status effects
A: negative energy resistance 1, electricity resistance, unbreathing,
petrification resistance, miasma immunity, AC +4
a: no special abilities


You were on level 4 of the Dungeon.
You visited 1 branch of the dungeon, and saw 4 of its levels.

You collected 264 gold pieces.

Inventory:

Hand Weapons
 a - a +0 mace (weapon)
 b - a +1 falchion of protection
 p - a +0 hunting sling
Missiles
 c - 151 stones (quivered)
 e - 4 boomerangs of dispersal
 m - 21 bolts
Armour
 s - the +2 robe of Shielding (worn) {rN+ Will+ Int+2 Dex+4}
   (You found it on level 4 of the Dungeon)

   It affects your intelligence (+2).
   It affects your dexterity (+4).
   It protects you from negative energy.
   It affects your willpower, your defense against some magical effects.
Jewellery
 i - a ring of wizardry (left hand)
Scrolls
 d - a scroll of blinking
 g - a scroll of fog {unknown}
 k - 2 scrolls of teleportation
 n - 3 scrolls of remove curse
 o - a scroll of enchant weapon {unknown}
 u - a scroll of immolation {unknown}
Potions
 f - 3 potions of heal wounds
 j - 2 potions of ambrosia
 l - a potion of lignification {unknown}
 q - 3 potions of curing
 r - 2 potions of might {unknown}
 t - a potion of resistance {unknown}


   Skills:
 + Level 2.7 Fighting
 * Level 4.1 Maces & Flails
 + Level 1.7 Throwing
 + Level 2.1 Armour
 + Level 2.1 Dodging
 + Level 2.0 Spellcasting
 + Level 3.2 Translocations


You had 3 spell levels left.
You knew the following spells:

 Your Spells              Type           Power        Failure   Level
a - Blink                 Tloc           N/A          3%          2
b - Teleport Other        Tloc           11%          7%          3

Your spell library contained the following spells:

 Spells                   Type           Power        Failure   Level
 Gell's Gravitas          Tloc           5%           7%          3
 Lesser Beckoning         Tloc           5%           7%          3
 Passage of Golubria      Tloc           N/A          22%         4


Dungeon Overview and Level Annotations

Branches:
Dungeon (4/15)
 Temple: D:4-7

Altars:
Hepliaklqana
Ru

Annotations:
D:4 3 runed translucent doors, LemonRage's ghost, novice DEIE; Menkaure


Innate Abilities, Weirdness & Mutations

You are resistant to torment.
Your stone body is resilient. (AC +4)
You are immune to poison.
You resist negative energy. (rN+)
You are resistant to electric shocks. (rElec)
You can survive without breathing.
You are immune to petrification.
You are immune to miasma.


Message History

You hit Menkaure.
Menkaure is moderately damaged.
Menkaure misses you. Menkaure barely misses you.
You barely miss Menkaure.
Menkaure is moderately damaged.
Menkaure hits you but does no damage.
You hit Menkaure.
Menkaure is heavily damaged.
Menkaure rustles in an indecipherable tongue.
Menkaure barely misses you. Menkaure hits you!
You hit Menkaure.
Menkaure is severely damaged.
Menkaure points at you and mumbles some strange words.
You resist with some effort.
You hit Menkaure but do no damage.
Menkaure is severely damaged.
Menkaure casts a spell at you. You resist with some effort. Menkaure hits you!
Ouch! That really hurt!
You die...

...# #... #..#.
#..#. #..#?.
#..##.########
######..##........#
..........>.....@.#
######..##......M.#
## #..##........#
.# ###..##.....(.(#
.# #..............#
.# #..(...[>(((...#
.# #......#########
########### #K⌠.#


You could see Menkaure (fast).

Vanquished Creatures
  3 worker ants
  6 adders
  2 dart slugs
  3 leopard geckos (D:1)
  6 orcs
  5 bats
  3 giant cockroaches
  5 goblins
  3 hobgoblins
  3 jackals (D:1)
  2 quokkas
  A ball python (D:4)
  2 frilled lizards
  15 kobolds
  9 rats
68 creatures vanquished.

Notes
Turn   | Place    | Note
-------+----------+-------------------------------------------
     0 | D:1      | Elvor the Gargoyle Warper began the quest for the Orb.
     0 | D:1      | Reached XP level 1. HP: 12/12 MP: 3/3
    60 | D:1      | Reached XP level 2. HP: 13/17 MP: 5/5
    63 | D:1      | Learned a level 2 spell: Blink
   447 | D:1      | Reached XP level 3. HP: 22/22 MP: 6/6
  1099 | D:2      | Found a hazy altar of Hepliaklqana.
  1114 | D:2      | Reached skill level 3 in Maces & Flails
  1117 | D:2      | Found a sacrificial altar of Ru.
  1191 | D:3      | Reached XP level 4. HP: 27/27 MP: 7/7
  1235 | D:3      | Reached skill level 1 in Throwing
  1960 | D:3      | Reached XP level 5. HP: 16/31 MP: 8/8
  2135 | D:4      | Got a brightly glowing robe
  2161 | D:3      | Identified the +2 robe of Shielding {rN+ Will+ Int+2 Dex+4}
                  | (You found it on level 4 of the Dungeon)
  2166 | D:3      | Learned a level 3 spell: Teleport Other
  2203 | D:4      | Reached skill level 4 in Maces & Flails
  2230 | D:4      | Found a runed translucent gate.
  2231 | D:4      | Found a runed translucent gate.
  2233 | D:4      | Found a runed translucent gate.
  2233 | D:4      | Noticed LemonRage's ghost (novice DEIE)
  2235 | D:4      | Noticed a big kobold
  2264 | D:4      | Noticed Menkaure
  2292 | D:4      | Slain by Menkaure

Illustrated notes

Levels and vault maps discovered:
D:1:      psy_arrival_fountain, layout_basic, due_unseen_surprise
D:2:      layout_basic, old_standard_altar, nicolae_ru_path_of_blood,
          nrook_campfire, hangedman_decor_slide_cut
D:3:      minmay_inner_zag, layout_loops_cross
D:4:      minmay_angry_zag, layout_rooms, gammafunk_ghost_nasty_kobolds,
          uniq_menkaure

Skill      XL: |  1  2  3  4  5 |
---------------+----------------+-----
Translocations | 3 |  3.2
Maces & Flails | 3 4 |  4.1
Throwing       | 1 |  1.7
Dodging        | 2 |  2.1
Armour         | 2 |  2.1
Fighting       | |  2.7
Spellcasting   | |  2.0

Action                   |  1- 3 |  4- 6 || total
-------------------------+-------+-------++-------
Melee: Mace              |   111 |    98 ||   209
Throw: Stone             |    15 |     6 ||    21
       Dart              |     2 |    49 ||    51
       Boomerang         |       |     1 ||     1
 Cast: Blink             |       |     3 ||     3
       Teleport Other    |       |     1 ||     1
  Use: Scroll            |     3 |     2 ||     5
Armor: Leather armour    |    65 |    41 ||   106
       Robe              |       |     1 ||     1
Dodge: Dodged            |    80 |    76 ||   156
